 Dungeon Crawl Stone Soup version 0.31-a0-818-ge7c7cf74f0 (webtiles) character file.

Game seed: 9237502548534220801

41260 GordonOverkill the Impaler (level 14, -2/94 HPs)
             Began as a Tengu Delver on Sept 22, 2023.
             Was an Elder of Zin.
             Slain by a sun demon (13 damage)
             ... summoned by a kobold demonologist
             ... on level 12 of the Dungeon on Sept 23, 2023.
             The game lasted 00:56:43 (22571 turns).

GordonOverkill the Impaler (Tengu Delver)          Turns: 22571, Time: 00:56:44

Health: -2/94      AC: 22    Str: 20      XL:     14   Next: 14%
Magic:  21/22      EV: 12    Int: 15      God:    Zin [****..]
Gold:   662        SH: 12    Dex: 17 (18) Spells: 13/13 levels left

rFire   . . .        K - +0 trident
rCold   . . .        n - +3 kite shield
rNeg    . . .        M - +0 storm dragon scales
rPois   ∞            (helmet restricted)
rElec   +            g - scarf {repulsion}
rCorr   .            (no gloves)
SInv    .            (boots unavailable)
Will    +....        (no amulet) Stlth
                     b - +4 ring of protection
HPRegen 0.35/turn    m - +4 ring of protection
MPRegen 0.18/turn

%: repel missiles, acrobat
@: vitalised, flying
A: beak, talons 3, evasive flight, acrobatic
a: Renounce Religion, Recite, Vitalisation, Imprison, Donate Gold


You were on level 12 of the Dungeon.
You worshipped Zin.
Zin was greatly pleased with you.
You visited 2 branches of the dungeon, and saw 16 of its levels.
You also visited: Bailey.

You collected 1041 gold pieces.
You donated 379 gold pieces to Zin.

Inventory:

Hand Weapons
 a - a +1 hand axe of flaming
 K - a +0 trident (weapon)
Missiles
 y - 9 throwing nets
 F - a curare-tipped dart
 J - 16 poisoned darts (quivered)
Armour
 g - a scarf of repulsion (worn)
 n - a +3 kite shield (worn)
 M - +0 storm dragon scales (worn)
Jewellery
 b - a +4 ring of protection (left hand)
 e - a ring of protection from cold
 m - a +4 ring of protection (right hand)
 r - a +4 ring of protection
 x - a ring of protection from cold
 C - a ring of fire
 L - a ring of ice
Wands
 l - a wand of flame (13)
Scrolls
 c - 3 scrolls of fog
 f - 3 scrolls of identify
 h - a scroll of immolation
 i - 10 scrolls of teleportation
 p - a scroll of silence {unknown}
 q - 4 scrolls of enchant weapon
 u - a scroll of revelation
 w - a scroll of blinking
 D - 6 scrolls of poison
 E - a scroll of brand weapon
 G - 2 scrolls of vulnerability
 H - 4 scrolls of enchant armour
Potions
 d - 2 potions of enlightenment
 j - a potion of invisibility
 k - a potion of resistance
 o - a potion of heal wounds
 z - a potion of magic
 A - a potion of brilliance
 B - 8 potions of curing
 I - 6 potions of mutation


   Skills:
 - Level 13.0 Fighting
 - Level 16.0 Polearms
 + Level 9.3 Armour
 - Level 3.0 Dodging
 - Level 5.1 Stealth
 - Level 4.0 Shields
 - Level 10.0 Invocations
 - Level 3.0 Evocations


You had 13 spell levels left.
You didn't know any spells.
Your spell library contained the following spells:

 Spells                   Type           Power      Damage    Failure   Level
 Kiss of Death            Conj/Necr      0%         2d5       99%         1
 Summon Small Mammal      Summ           0%         N/A       99%         1
 Call Canine Familiar     Summ           0%         N/A       100%        3
 Confusing Touch          Hex            0%         N/A       100%        3
 Gell's Gravitas          Tloc           0%         N/A       100%        3
 Summon Guardian Golem    Hex/Summ       0%         N/A       100%        3
 Teleport Other           Tloc           0%         N/A       100%        3
 Dispel Undead            Necr           0%         3d6       100%        4
 Dispersal                Tloc           0%         N/A       100%        6


Dungeon Overview and Level Annotations

Branches:
Dungeon (12/15)            Temple (0/1) D:6            Lair (4/5) D:11
 Shoals (0/4) Lair:2        Snake (0/4) Lair:2          Orc (0/2) D:11
 Bailey (visited)
  Slime: Lair:4-5

Altars:
Elyvilon
Hepliaklqana
Sif Muna
Wu Jian
Zin

Shops:
D:7 =   D:8 (

Annotations:
D:5 Dowan, Duvessa
D:10 2 runed translucent doors, Talonman3's ghost, journeyman DsIE


Innate Abilities, Weirdness & Mutations

You have a beak for a mouth.
You have claws for feet.
Your magical flight helps you evade attacks. (EV +4)
You can magically evade attacks while moving or waiting.


Message History

A large slime creature splits.
The sun demon attacks as it pursues you!
The sun demon closely misses you.
Two slime creatures merge to form a large slime creature.
You block the sun demon's attack. Zin grants you divine stamina.
You can no longer call upon Zin to create a sanctuary.
The sun demon hits you!
You are engulfed in flames!!
You puncture the sun demon! Your kick misses the sun demon.
The sun demon is lightly wounded.
You block the sun demon's attack.
You hit the sun demon but do no damage. Your kick misses the sun demon.
The sun demon is lightly wounded.
You hit the sun demon but do no damage. You peck the sun demon.
The sun demon is moderately wounded.
The sun demon completely misses you.
You hit the sun demon. Your kick misses the sun demon.
The sun demon is moderately wounded.
The sun demon closely misses you.
You puncture the sun demon! Your kick misses the sun demon.
You peck the sun demon, but do no damage.
The sun demon is heavily wounded.
The sun demon hits you.
* * * LOW HITPOINT WARNING * * *
You are engulfed in flames!!
* * * LOW HITPOINT WARNING * * *
You hit the sun demon.
You claw the sun demon, but do no damage.
You peck the sun demon, but do no damage.
The sun demon is heavily wounded.
The sun demon hits you!
* * * LOW HITPOINT WARNING * * *
You are engulfed in flames!!
* * * LOW HITPOINT WARNING * * *
You closely miss the sun demon.
The sun demon is heavily wounded.
The sun demon hits you! Zin protects you from harm!
You are engulfed in flames!
You die...

.....# #...#
###### ##.## #
#.### #
#...##########
#
###...........
# ####.#######
#.# #.. #.#
#.# #@# #.# K
#3###)###5<..


#WJ.W.JK3J# #######.### # You could see a slime creature, a sun demon (summoned)
and a wraith.

Vanquished Creatures
  Snorg (Lair:4)
  Fannar (D:10)
  Harold (D:11)
  Erolcha (D:11)
  2 vault guards (Bailey)
  Erica (D:8)
  11 death yaks
  Pikel (D:5)
  An oklob plant (Lair:3)
  An ugly thing (D:11)
  A manticore (D:11)
  6 black mambas
  2 torpor snails
  A gargoyle (D:10)
  11 cane toads
  5 komodo dragons
  An unseen horror (D:11)
  2 kobold demonologists (D:12)
  5 rime drakes
  2 polar bears
  4 trolls
  Prince Ribbit (Bailey)
  A hornet (D:6)
  9 blink frogs
  A snapping turtle (Lair:2)
  2 shadows
  A spriggan (Lair:2)
  6 humans (Bailey)
  6 wyverns
  33 yaks
  2 wraiths
  A basilisk (Lair:4)
  A steam dragon (D:8)
  3 nagas (Lair:2)
  15 water moccasins
  An acid dragon (D:9)
  6 orc warriors
  A sky beast (D:8)
  4 black bears
  3 ogres
  9 wolves
  3 centaurs
  4 lemures
  A phantom (D:5)
  3 kobold brigands
  24 bullfrogs
  A scorpion (D:6)
  2 elf skeletons (D:4)
  3 gnoll sergeants
  8 wights (D:8)
  4 killer bees
  5 howler monkeys
  2 electric eels
  A human zombie (D:4)
  5 hounds
  7 orc priests
  4 jellies
  5 iguanas
  Jessica (D:3)
  3 sleepcaps
  Terence (D:3)
  17 orc wizards
  4 adders
  22 gnolls
  5 shadow imps
  2 ufetubi
  5 worms
  4 dart slugs
  40 orcs
  6 endoplasms
  3 giant cockroaches
  9 goblins
  9 hobgoblins
  20 kobolds
  4 quokkas
  6 ball pythons
  3 bats
  3 frilled lizards
  3 orc skeletons (D:4)
  3 rats
422 creatures vanquished.

Notes
Turn   | Place    | Note
-------+----------+-------------------------------------------
     0 | D:5      | GordonOverkill the Tengu Delver began the quest for the
                  | Orb.
     0 | D:5      | Reached XP level 1. HP: 14/14 MP: 2/2
     3 | D:6      | Noticed an iguana
    40 | D:5      | Noticed Duvessa
    54 | D:5      | Noticed a jelly
    73 | D:5      | Noticed Dowan
   145 | D:5      | Noticed a lemure
   203 | D:3      | Noticed an orc priest
   243 | D:2      | Reached XP level 2. HP: 19/19 MP: 3/3
   620 | D:1      | Reached XP level 3. HP: 19/23 MP: 4/4
   635 | D:1      | Found a faded altar of an unknown god.
   820 | D:1      | Prayed at the altar of an unknown god.
   820 | D:1      | Became a worshipper of Sif Muna the Loreminder
   820 | D:1      | Reached * piety under Sif Muna
  1268 | D:2      | Reached skill level 3 in Polearms
  1349 | D:2      | Reached XP level 4. HP: 29/29 MP: 5/5
  1660 | D:3      | Found a glowing silver altar of Zin.
  1668 | D:3      | Identified the +0 scale mail of Pimat {rElec Dex+2}
  1943 | D:3      | Noticed Jessica
  1947 | D:3      | Killed Jessica
  1948 | D:3      | Reached skill level 4 in Polearms
  1948 | D:3      | Reached XP level 5. HP: 33/33 MP: 6/6
  1979 | D:3      | Reached ** piety under Sif Muna
  1980 | D:3      | Reached skill level 1 in Armour
  2273 | D:3      | Noticed Terence
  2284 | D:3      | Killed Terence
  2414 | D:3      | Fell from the grace of Sif Muna
  2414 | D:3      | Became a worshipper of Zin the Law-Giver
  2414 | D:3      | Reached * piety under Zin
  2481 | D:3      | Reached XP level 6. HP: 11/38 MP: 7/7
  2778 | D:4      | Reached skill level 1 in Shields
  3088 | D:4      | Reached ** piety under Zin
  3349 | D:4      | Gained mutation: Your magical flight helps you evade
                  | attacks. (EV +4) [Tengu growth]
  3349 | D:4      | Reached XP level 7. HP: 34/43 MP: 8/8
  3449 | D:5      | Noticed Pikel
  3538 | D:5      | Reached skill level 1 in Invocations
  3601 | D:5      | Found an ornate altar of the Wu Jian Council.
  3994 | D:5      | Donated 113 gold pieces to Zin
  4243 | D:5      | Reached XP level 8. HP: 48/48 MP: 10/12
  4319 | D:5      | Killed Pikel
  4320 | D:5      | Reached skill level 6 in Polearms
  4325 | D:5      | Reached skill level 7 in Polearms
  4671 | D:6      | Reached skill level 5 in Fighting
  5032 | D:6      | Found a staircase to the Ecumenical Temple.
  5068 | D:6      | Reached XP level 9. HP: 54/54 MP: 13/13
  5143 | D:6      | Reached skill level 8 in Polearms
  5311 | D:6      | Noticed a hornet
  5318 | D:6      | Killed a hornet
  5656 | D:7      | Reached skill level 9 in Polearms
  6005 | D:7      | Found Pyipoluw's One-of-a-Kind Rings.
  6026 | D:7      | Found a white marble altar of Elyvilon.
  6028 | D:7      | Found a hazy altar of Hepliaklqana.
  6100 | D:7      | Reached skill level 10 in Polearms
  6142 | D:7      | Reached skill level 5 in Armour
  6435 | D:7      | Was forgiven by Sif Muna
  7200 | D:8      | Reached skill level 5 in Invocations
  7385 | D:7      | Reached XP level 10. HP: 54/59 MP: 13/15
  7802 | D:8      | Reached *** piety under Zin
  8190 | D:8      | Found Woihix's Weapon Boutique.
  8593 | D:9      | Found a flagged portal.
  8603 | Bailey   | Entered a bailey
  8839 | Bailey   | Reached skill level 11 in Polearms
  8931 | Bailey   | Noticed Prince Ribbit
  8931 | Bailey   | Noticed a vault guard
  8968 | Bailey   | Killed Prince Ribbit
  9004 | Bailey   | Killed a vault guard
  9005 | Bailey   | Reached skill level 12 in Polearms
  9005 | Bailey   | Reached XP level 11. HP: 21/68 MP: 16/16
  9171 | Bailey   | Noticed a vault guard
  9182 | Bailey   | Killed a vault guard
  9560 | D:9      | Reached skill level 13 in Polearms
  9711 | D:9      | Noticed Erica
  9853 | D:8      | Donated 162 gold pieces to Zin
  9861 | D:8      | Killed Erica
 10346 | D:9      | Reached **** piety under Zin
 10473 | D:10     | Entered Level 10 of the Dungeon
 10680 | D:9      | Reached skill level 14 in Polearms
 11062 | D:10     | Noticed Fannar
 11127 | D:10     | Killed Fannar
 11272 | D:10     | Noticed Talonman3's ghost (journeyman DsIE)
 11272 | D:10     | Noticed a necromancer
 11273 | D:10     | Noticed a lich
 11274 | D:10     | Noticed a skeletal warrior
 11274 | D:10     | Noticed a deep troll earth mage
 11275 | D:10     | Noticed a skeletal warrior
 11275 | D:10     | Noticed a boulder beetle
 11490 | D:10     | Found a runed translucent door.
 11497 | D:10     | Identified the +6 short sword of Causality {drain, Fragile
                  | Str+2 Int-2 Dex+9}
 11505 | D:10     | Found a runed translucent door.
 11771 | D:10     | a merfolk changed into a two-headed ogre
 11771 | D:10     | Noticed a two-headed ogre (shapeshifter)
 11814 | D:11     | Noticed Erolcha
 11822 | D:11     | Killed Erolcha
 11823 | D:11     | Reached skill level 10 in Fighting
 11842 | D:11     | Found a staircase to the Orcish Mines.
 11972 | D:11     | Reached XP level 12. HP: 25/77 MP: 16/18
 12708 | D:11     | Noticed Harold
 12720 | D:11     | Killed Harold
 13005 | D:11     | Found a staircase to the Lair.
 13135 | Lair:1   | Entered Level 1 of the Lair of Beasts
 13287 | Lair:1   | Upgraded the game from 0.31-a0-816-gd61d57ddb1 to
                  | 0.31-a0-818-ge7c7cf74f0
 13916 | Lair:1   | Noticed a death yak
 14008 | Lair:1   | Reached skill level 10 in Invocations
 14100 | Lair:1   | Killed a death yak
 14408 | Lair:1   | Reached ***** piety under Zin
 14494 | Lair:1   | Noticed a death yak
 14568 | Lair:1   | Killed a death yak
 14588 | Lair:1   | Noticed a death yak
 14661 | Lair:1   | Killed a death yak
 14662 | Lair:1   | Reached skill level 15 in Polearms
 15193 | Lair:1   | Reached XP level 13. HP: 56/82 MP: 19/21
 15396 | Lair:2   | Found a staircase to the Shoals.
 15685 | Lair:2   | Found a staircase to the Snake Pit.
 15916 | Lair:1   | Reached skill level 16 in Polearms
 17864 | Lair:2   | Found a staircase to the Snake Pit.
 18441 | Lair:2   | Found a staircase to the Shoals.
 20086 | Lair:4   | Noticed Snorg
 20498 | Lair:4   | Reached skill level 1 in Evocations
 21166 | Lair:4   | Killed Snorg
 21521 | Lair:4   | Reached XP level 14. HP: 94/94 MP: 22/22
 22513 | D:12     | Found a white marble altar of Elyvilon.
 22571 | D:12     | Zin protects you from harm!
 22571 | D:12     | Slain by a sun demon

Illustrated notes

Levels and vault maps discovered:
D:1:      elethiomel_arrival_maze, layout_basic,
          hellmonk_ecumenical_altar_defaced_shrine, minmay_tall_x
D:2:      minmay_alternating_diamond, layout_basic
D:3:      layout_loops_ring, lemuel_crystal_altar, kennysheep_generic_room_11,
          uniq_jessica, uniq_terence
D:4:      layout_cave_pools, nicolae_ossuary_entry_catacombs,
          amcnicky_mini_rare_corridor_liquid, due_unseen_surprise
D:5:      layout_rooms, kennysheep_little_box, hangedman_decor_riveting,
          patterned_corridor, uniq_duvessa, uniq_pikel
D:6:      layout_loops_ring, minmay_temple_entry_trees
D:7:      layout_basic, mainiacjoe_overflow_catwalk_spiral,
          chequers_serial_rivers_small_a, nicolae_shop_unique_rings,
          minmay_chambers_of_fives
D:8:      minmay_flawed_box, layout_basic, serial_shops,
          nicolae_shop_back_alley_shop
D:9:      layout_long_grid, enter_bailey_6, serial_bayou_pond_b, uniq_erica
D:10:     layout_loops_ring, muffindrake_ghost_dual_entry, uniq_fannar
D:11:     minmay_bloctagon_deflated, layout_loops_corners,
          minmay_lair_entry_grove, minmay_orc_entry_temple_small,
          minmay_misc_feat_roman, uniq_harold, uniq_erolcha
D:12:     layout_loops_corners, ebering_ghost_xom, elyvilon_altar_1
Lair:1:   layout_roguey, infiniplex_staircase_pool_2, grunt_megastairs_5
Lair:2:   layout_concentric_octagons, minmay_shoals_entry_hut,
          guppyfry_snake_entry_island, wad_woods_03
Lair:3:   layout_regular_city, chequers_serial_rivers_micro_a,
          minmay_lair_oklob_items
Lair:4:   layout_loops_ring, pdpol_lair_cavern_descent, uniq_snorg

Skill      XL: |  1  2  3  4  5  6  7  8  9 10 11 12 13 14 |
---------------+-------------------------------------------+-----
Polearms       | 3 4 7 10 12 14 15 16 | 16.0
Dodging        | 3 |  3.0
Fighting       | 4 5 8 10 13 | 13.0
Armour         | 3 4 6 7 9 |  9.3
Shields        | 3 4 |  4.0
Invocations    | 4 5 6 10 | 10.0
Evocations     | 3 |  3.0
Stealth        | |  5.1

Action                     |  1- 3 |  4- 6 |  7- 9 | 10-12 | 13-15 || total
---------------------------+-------+-------+-------+-------+-------++-------
  Melee: Spear             |    79 |   180 |   592 |   456 |       ||  1307
         Kick              |    18 |    55 |   174 |   392 |   316 ||   955
         Peck              |    12 |    30 |   115 |   252 |   203 ||   612
         Trident           |       |       |       |   750 |   778 ||  1528
  Throw: Dart              |       |       |       |    10 |    34 ||    44
 Invoke: Donate Gold       |       |       |     1 |     1 |       ||     2
         Vitalisation      |       |       |     1 |    19 |    16 ||    36
         Recite            |       |       |       |     1 |     1 ||     2
  Evoke: Wand              |     2 |     8 |     1 |     3 |       ||    14
    Use: Scroll            |     1 |       |    11 |    13 |     2 ||    27
         Potion            |       |       |     3 |    15 |       ||    18
   Stab: Sleeping          |    16 |     9 |     5 |       |       ||    30
         Paralysed         |       |    14 |       |       |       ||    14
         Distracted        |       |       |     1 |       |       ||     1
 Armour: Leather armour    |    18 |     8 |       |       |       ||    26
         Scale mail        |       |    65 |   120 |       |       ||   185
         Plate armour      |       |       |    75 |    23 |       ||    98
         Chain mail        |       |       |       |   252 |       ||   252
         Storm dragon scal |       |       |       |   185 |   289 ||   474
  Dodge: Dodged            |    24 |    46 |   136 |   282 |   214 ||   702
         Repelled          |       |       |       |       |     5 ||     5
  Block: Kite shield       |     7 |    51 |   244 |   422 |   367 ||  1091

Table legend: (Time is in decaauts)
 A = Elapsed time spent in this place.
 B = Non-inter-level travel time spent in this place.
 C = Inter-level travel time spent in this place.
 D = Time resting spent in this place.
 E = Time spent auto-exploring this place.
 F = Levels seen in this place.
 G = Mean time per level.
                   A        B        C        D        E       F      G
               +--------+--------+--------+--------+--------+-----+--------+
         Total |  22074 |  21274 |    800 |   6714 |   8788 |  17 | 1298.5 |
       Dungeon |  12480 |  11962 |    518 |   2891 |   5545 |  12 | 1040.0 |
          Lair |   8959 |   8678 |    281 |   3621 |   3101 |   4 | 2239.8 |
        Bailey |    634 |    634 |      0 |    201 |    142 |   1 |  634.0 |
               +--------+--------+--------+--------+--------+-----+--------+

Top non-repeatable levels by time:
  Lair:2: 3177 daAuts
  Lair:1: 2482 daAuts
  Lair:3: 2130 daAuts
     D:8: 1972 daAuts
     D:5: 1382 daAuts
    D:11: 1285 daAuts
  Lair:4: 1168 daAuts
    D:10: 1146 daAuts
     D:7: 1129 daAuts
     D:9: 1049 daAuts
     D:4: 1017 daAuts
     D:3: 983 daAuts
     D:1: 901 daAuts
     D:6: 803 daAuts
  Bailey: 634 daAuts
